 Dungeon Crawl Stone Soup version 0.30-a0-824-g6c64550be9 (webtiles) character file.

Game seed: 4170998813217220936

719 Nacht the Purveyor of Pain (level 7, 0/46 HPs)
             Began as a Demonspawn Necromancer on Feb 27, 2023.
             Was an Initiate of Kikubaaqudgha.
             Slain by an orc priest
             ... wielding a +0 club
              (2 damage)
             ... on level 4 of the Dungeon.
             The game lasted 00:05:49 (3357 turns).

Nacht the Purveyor of Pain (Demonspawn Necromancer) Turns: 3357, Time: 00:05:49

Health: 0/46       AC:  7    Str:  8    XL:     7   Next: 42%
Magic:  14/15      EV: 12    Int: 19    God:    Kikubaaqudgha [......]
Gold:   167        SH:  0    Dex: 15    Spells: 13/17 levels left

rFire   . . .      SeeInvis .    s - +2 whip (flame)
rCold   + . .      Faith    .    (no shield)
rNeg    . . .      Spirit   .    l - +2 robe {rC+}
rPois   .          Reflect  .    (helmet restricted)
rElec   .          Harm     .    g - +0 cloak
rCorr   .          Rampage  .    q - +0 pair of gloves
Will    .....                    j - +0 pair of boots
Stlth   ++                       (no amulet)
HPRegen 0.27/turn                (no ring)
MPRegen 0.28/turn                (no ring)

@: confused, mighty, brilliant, attractive, flying, hasted, very quick
A: horns 1, thin skeletal structure 1, magic regeneration
a: Renounce Religion


You were on level 4 of the Dungeon.
You worshipped Kikubaaqudgha.
Kikubaaqudgha was noncommittal.
You visited 2 branches of the dungeon, and saw 5 of its levels.

You collected 167 gold pieces.

Inventory:

Hand Weapons
 s - a +2 whip of flaming (weapon)
Missiles
 c - 2 curare-tipped darts
 f - 2 poisoned darts
Armour
 g - a +0 cloak (worn)
 j - a +0 pair of boots (worn)
 l - a +2 robe of cold resistance (worn)
 q - a +0 pair of gloves (worn)
Scrolls
 e - a scroll of summoning {unknown}
 h - a scroll of teleportation {unknown}
 i - a scroll of torment {unknown}
 m - a scroll of identify {unknown}
 p - a scroll of noise {unknown}
Potions
 d - a potion of might


   Skills:
 - Level 1.7 Dodging
 - Level 1.7 Stealth
 + Level 5.6 Spellcasting
 + Level 7.7 Necromancy


You had 13 spell levels left.
You knew the following spells:

 Your Spells              Type           Power      Damage    Failure   Level
a - Necrotise             Necr           100%       1d9       1%          1
b - Vampiric Draining     Necr           51%        2d9       1%          3

Your spell library contained the following spells:

 Spells                   Type           Power      Damage    Failure   Level
 Animate Dead             Necr           51%        N/A       4%          4
 Cigotuvi's Dreadful Rot  Necr/Pois/Air  44%        N/A       6%          2
 Agony                    Necr           51%        N/A       13%         5
 Poisonous Vapours        Pois/Air       16%        N/A       19%         2
 Scorch                   Fire           16%        2d5       19%         2
 Mephitic Cloud           Conj/Pois/Air  8%         N/A       34%         3
 Starburst                Conj/Fire      4%         6d3       100%        6


Dungeon Overview and Level Annotations

Branches:
Dungeon (4/15)             Temple (1/1) D:4

Altars:
Dithmenos
Fedhas
Hepliaklqana
Kikubaaqudgha
Nemelex Xobeh
Okawaru
Ru
Sif Muna
Trog

Annotations:
D:2 1 runed translucent door, Crazy Yiuf


Innate Abilities, Weirdness & Mutations

You have a pair of small horns on your head.
You have a somewhat thin skeletal structure. (Dex +2, Stealth+)
You regenerate magic rapidly.


Message History

The puff of flame hits you!
* * * LOW HITPOINT WARNING * * *
It was a potion of brilliance.
You feel clever all of a sudden.
Your orc wizard skeleton barely misses the orc priest.
The orc priest hits you but does no damage.
Something hits you but does no damage.
It was a potion of attraction.
You feel attractive to monsters. The orc priest hits you with a +0 club.
* * * LOW HITPOINT WARNING * * *
Your orc wizard skeleton barely misses the orc priest.
Something barely misses you.
It was a potion of flight.
You feel very buoyant.
You fly up into the air.
You're too confused to cast spells.
You're too confused to cast spells.
You're too confused to cast spells.
You're too confused to cast spells.
You're too confused to cast spells.
You're too confused to cast spells.
You bump into the rock wall.
Something hits you but does no damage. The orc priest hits you with a +0 club.
* * * LOW HITPOINT WARNING * * *
Your orc wizard skeleton hits the orc priest but does no damage.
You bump into the rock wall.
Something hits you but does no damage.
The orc priest calls down the wrath of Beogh upon you.
Pain shoots through your body!
* * * LOW HITPOINT WARNING * * *
You're too confused to cast spells.
You bump into the rock wall.
Your orc wizard skeleton hits the orc priest but does no damage.
You're too confused to cast spells.
You whack the orc priest! You burn the orc priest.
Your headbutt misses the orc priest.
The orc priest is severely wounded.
Something hits you but does no damage. The orc priest hits you with a +0 club.
You die...
Kikubaaqudgha rasps: "You have failed me!
Welcome... death!"

...!..#.............#
#.......#.#####Z###.#
#?....... #.###(#
....... #...... .....
#####.. .). ##. #Z# #.
#o### #. #@{.# ###
.######[ ###.# #..
......#[ #.# #.# .#
#.... #.# #.# .###..#.
###.###.##^.)...#.
#.........#####.#.
#####....<....####...>
...................#..
#####.........####....


You could see an orc priest (ally target) and a friendly orc wizard skeleton.

Vanquished Creatures
  Pikel (D:4)
  An orc priest (D:3)
  3 orc wizards
  Robin (D:3)
  6 adders
  A dart slug (D:1)
  13 orcs
  6 endoplasms
  3 giant cockroaches
  12 goblins
  10 hobgoblins
  2 jackals (D:2)
  4 quokkas
  4 ball pythons
  7 bats
  2 frilled lizards
  6 kobolds
  5 rats
87 creatures vanquished.

Vanquished Creatures (collateral kills)
  A worm (D:2)
  A frilled lizard (D:2)
  A kobold (D:1)
3 creatures vanquished.

Grand Total: 90 creatures vanquished

Notes
Turn   | Place    | Note
-------+----------+-------------------------------------------
     0 | D:1      | Nacht the Demonspawn Necromancer began the quest for the
                  | Orb.
     0 | D:1      | Reached XP level 1. HP: 13/13 MP: 3/3
   282 | D:1      | Gained mutation: You regenerate magic rapidly. [demonic
                  | ancestry]
   282 | D:1      | Reached XP level 2. HP: 19/19 MP: 1/5
   851 | D:2      | Reached skill level 5 in Necromancy
   851 | D:2      | Gained mutation: You have a somewhat thin skeletal
                  | structure. (Dex +2, Stealth+) [demonic ancestry]
   851 | D:2      | Reached XP level 3. HP: 24/24 MP: 4/7
   855 | D:2      | Learned a level 3 spell: Vampiric Draining
  1146 | D:2      | Found a runed translucent door.
  1147 | D:2      | Noticed Crazy Yiuf
  1269 | D:2      | Reached XP level 4. HP: 25/30 MP: 3/8
  1541 | D:2      | Got the Textbook on the Arsonist and Degeneration
  1911 | D:3      | Noticed Robin
  2295 | D:3      | Found a faded altar of an unknown god.
  2300 | D:3      | Reached XP level 5. HP: 35/35 MP: 8/10
  2425 | D:3      | Killed Robin
  2446 | D:3      | Reached skill level 6 in Necromancy
  3032 | D:4      | Noticed Pikel
  3032 | D:4      | Noticed a lemure
  3032 | D:4      | Noticed a lemure
  3067 | D:4      | Found a staircase to the Ecumenical Temple.
  3081 | Temple   | Entered the Ecumenical Temple
  3108 | Temple   | Became a worshipper of Kikubaaqudgha
  3238 | D:4      | Noticed a lemure
  3243 | D:4      | Killed Pikel
  3244 | D:4      | Reached skill level 5 in Spellcasting
  3244 | D:4      | Reached skill level 7 in Necromancy
  3244 | D:4      | Gained mutation: You have a pair of small horns on your
                  | head. [demonic ancestry]
  3244 | D:4      | Reached XP level 6. HP: 33/41 MP: 2/14
  3244 | D:4      | Reached XP level 7. HP: 37/46 MP: 2/15
  3355 | D:4      | HP: 1/46 [orc priest/nerve-wracking pain (2)]
  3357 | D:4      | Slain by an orc priest

Illustrated notes

Levels and vault maps discovered:
D:1:      dpeg_arrival_boxorama, layout_rooms
D:2:      layout_loops_ring, feat_on_display, uniq_crazy_yiuf_cottage
D:3:      layout_loops_ring, ebering_ecumenical_altar_rust, uniq_robin
D:4:      layout_loops_ring, minmay_temple_entry_mini_moons, uniq_pikel
Temple:   compressed_dpeg_circular_temple

Skill      XL: |  1  2  3  4  5 |
---------------+----------------+-----
Necromancy     | 5 7 |  7.7
Spellcasting   | 3 5 |  5.6
Dodging        | |  1.7
Stealth        | |  1.7

Action                     |  1- 3 |  4- 6 |  7- 9 || total
---------------------------+-------+-------+-------++-------
  Melee: Unarmed           |     4 |     2 |       ||     6
         Whip              |       |       |     3 ||     3
   Cast: Necrotise         |    58 |   112 |     9 ||   179
         Vampiric Draining |       |     1 |       ||     1
    Use: Potion            |     1 |       |     5 ||     6
 Armour: Robe              |     3 |     9 |     6 ||    18
  Dodge: Dodged            |    16 |    12 |     5 ||    33

Table legend: (Time is in decaauts)
 A = Elapsed time spent in this place.
 B = Non-inter-level travel time spent in this place.
 C = Inter-level travel time spent in this place.
 D = Time resting spent in this place.
 E = Time spent auto-exploring this place.
 F = Levels seen in this place.
 G = Mean time per level.
                   A        B        C        D        E       F      G
               +--------+--------+--------+--------+--------+-----+--------+
         Total |   3354 |   3008 |    346 |      0 |   2390 |   5 |  670.8 |
       Dungeon |   3308 |   2979 |    329 |      0 |   2375 |   4 |  827.0 |
        Temple |     45 |     28 |     17 |      0 |     15 |   1 |   45.0 |
               +--------+--------+--------+--------+--------+-----+--------+

Top non-repeatable levels by time:
     D:2: 1220 daAuts
     D:3: 1134 daAuts
     D:1: 697 daAuts
     D:4: 256 daAuts
  Temple: 45 daAuts
